 Dungeon Crawl Stone Soup version 0.24.0-10-g970556be89 (webtiles) character file.

Game seed: 10119407210799804010, levelgen mode: deterministic

41 Acheron the Cutter (level 3, -6/21 HPs)
             Began as a Kobold Skald on Nov 3, 2019.
             Killed by nerve-wracking pain
             ... invoked by an orc priest
              (10 damage)
             ... on level 3 of the Dungeon.
             The game lasted 00:07:07 (1200 turns).

Acheron the Cutter (Kobold Skald)                   Turns: 1200, Time: 00:07:07

Health: -6/21      AC:  3    Str:  8    XL:     3   Next: 75%
Magic:  6/6        EV: 15    Int: 14    God:
Gold:   86         SH:  0    Dex: 15    Spells: 6/7 levels left

rFire    . . .     SeeInvis .   a - +1 short sword
rCold    . . .     Gourm    .   (shield restricted)
rNeg     . . .     Faith    .   b - +0 leather armour
rPois    .         Spirit   .   (no helmet)
rElec    .         Reflect  .   (no cloak)
rCorr    .         Harm     .   (no gloves)
MR       .....                  (no boots)
Stlth    ++........             (no amulet)
HPRegen  0.07/turn              (no ring)
MPRegen  0.10/turn              (no ring)

@: about to teleport, very slightly contaminated
A: small, carnivore
a: no special abilities


You were on level 3 of the Dungeon.
You were completely stuffed.

You visited 1 branch of the dungeon, and saw 3 of its levels.

You collected 86 gold pieces.

Inventory:

Hand Weapons
 a - a +1 short sword (weapon)
Missiles
 e - 81 stones (quivered)
 l - 15 boomerangs
 m - 13 poisoned darts
 q - 2 throwing nets
Armour
 b - a +0 leather armour (worn)
Jewellery
 p - an uncursed ring of protection from fire {unknown}
Scrolls
 f - a scroll of identify
 h - a scroll of amnesia {unknown}
Potions
 c - 2 potions of cancellation
 i - a potion of berserk rage
 j - 3 potions of curing
 n - a potion of flight {unknown}
Comestibles
 d - 5 rations
 o - a chunk of flesh


   Skills:
 * Level 2.2 Fighting
 * Level 3.4 Short Blades
 * Level 0.4 Throwing
 * Level 1.1 Armour
 * Level 2.7 Dodging
 * Level 1.7 Stealth
 + Level 2.5 Spellcasting
 + Level 2.5 Charms


You had 6 spell levels left.
You knew the following spells:

 Your Spells              Type           Power        Failure   Level  Hunger
a - Infusion              Chrm           #...         11%         1    #......

Your spell library contained the following spells:

 Spells                   Type           Power        Failure   Level  Hunger
 Song of Slaying          Chrm           #.......     17%         2    ###....
 Shroud of Golubria       Chrm/Tloc      #.....       28%         2    ###....
 Regeneration             Chrm/Necr      #.........   50%         3    ###....
 Spectral Weapon          Hex/Chrm       #.......     50%         3    ###....


Dungeon Overview and Level Annotations

Branches:
Dungeon (3/15)

Altars:


Innate Abilities, Weirdness & Mutations

You are small and have problems with some larger weapons.
You are carnivorous and can eat meat at any time.


Message History

* * * LOW HITPOINT WARNING * * *
You barely miss the orc.
The orc is heavily wounded.
The orc hits you with a +0 club.
* * * LOW HITPOINT WARNING * * *
You hit the orc but do no damage.
The orc is heavily wounded.
You barely miss the orc.
The orc is heavily wounded.
The orc misses you.
Blink to where?
Press: ? - help, Dir - move target cursor You are very lightly contaminated with residual magic.
As you read the scroll of blinking, it crumbles to dust.
You hear the slow rusting of a very distant drain.
As you read the scroll of teleportation, it crumbles to dust.
You feel strangely unstable.
The orc priest invokes the aid of Beogh against you.
Pain shoots through your body!
You die...

#.#o#
#o#.#
#.#.#
#o#o######
#.#.o..o.#
#o######.#
#.# #.#
#.# #.#
#o# #@#
#.# #.#
#.# #.#
#.# #.#
#.# ##.#
#.# .##.#
# #.#
#.##.# #.
#o#o.o ..#
#.#
#..##.#.#


You could see an orc priest.

Vanquished Creatures
  A leopard gecko (D:2)
  An orc (D:3)
  A ball python (D:2)
  3 giant cockroaches
  6 goblins
  3 hobgoblins
  4 jackals (D:1)
  4 kobolds
  7 bats
  2 rats
32 creatures vanquished.

Notes
Turn   | Place    | Note
-------+----------+-------------------------------------------
     0 | D:1      | Acheron the Kobold Skald began the quest for the Orb.
     0 | D:1      | Reached XP level 1. HP: 12/12 MP: 3/3
   166 | D:1      | Reached XP level 2. HP: 17/17 MP: 5/5
   205 | D:1      | Reached skill level 1 in Armour
   211 | D:1      | Reached skill level 3 in Short Blades
   556 | D:1      | Reached skill level 1 in Stealth
   556 | D:1      | Reached XP level 3. HP: 18/21 MP: 6/6
  1200 | D:3      | Killed from afar by an orc priest

Levels and vault maps discovered:
D:1:      dpeg_arrival_pond, layout_rooms
D:2:      layout_basic, marbit_many_paths, first_ration, minmay_small_reverse_x
D:3:      layout_basic, okawaru_gym_becter, nicolae_overflow_hidden_temple,
          cheibrodos_sewer_entry_sluice

Skill      XL: |  1  2 |
---------------+-------+-----
Armour         | 1 |  1.1
Short Blades   | 3 |  3.4
Stealth        | 1 |  1.7
Fighting       | |  2.2
Throwing       | |  0.4
Dodging        | |  2.7
Spellcasting   | |  2.5
Charms         | |  2.5

Action                   || total
-------------------------++-------
Melee: Short sword       ||   120
  Use: Scroll            ||    10
 Stab: Sleeping          ||     1
  Eat: Chunk             ||     9
Armor: Leather armour    ||    27
Dodge: Dodged            ||   111
